 Dungeon Sprint DCSS version 0.17-a0-1468-gbf503c2 (webtiles) character file.

7933 pulse the Formicid Blade (level 11, -4/93 HPs)
             Began as a Formicid Berserker on July 1, 2015.
             Was the Champion of Trog.
             Slain by an orc warrior
             ... wielding a cursed -3 flail
              (9 damage)
             ... in the Dungeon (Sprint IX: "|||||||||||||||||||||||||||||").
             The game lasted 00:05:47 (2684 turns).

pulse the Formicid Blade (Formicid Berserker)       Turns: 2684, Time: 00:05:48

Health: -4/93      AC: 13    Str: 25    XL:     11   Next: 46%
Magic:  13/13      EV: 21    Int: 12    God:    Trog [******]
Gold:   30         SH:  0    Dex: 15    Spells: 0 memorised, 10 levels left

rFire  . . .     SeeInvis +     d - +3 great sword (elec)
rCold  . . .     Clarity  .     n - +1 scale mail
rNeg   . . .     SustAt   .     (no shield)
rPois  .         Gourm    .     (helmet unavailable)
rElec  .         Spirit   .     (no cloak)
rCorr  .         Warding  .     a - +0 pair of gloves
rMut   .         Stasis   +     v - +0 pair of boots
MR     +....                    (no amulet)
Stlth  ++........               p - +2 ring of evasion
                                o - +2 ring of protection

@: brilliant, agile, somewhat resistant to hostile enchantments, unstealthy
A: permanent stasis, dig shafts and tunnels, four strong arms, antennae 3
a: Dig, Burn Spellbooks, Trog's Hand, Brothers in Arms, Renounce Religion


You were in the Dungeon.
You worshipped Trog.
Trog was exalted by your worship.
You were not hungry.

You visited 1 branch You collected 30 gold pieces.

Inventory:

Hand weapons
 d - a +3 great sword of electrocution (weapon)
Armour
 a - a +0 pair of gloves (worn)
 n - a +1 scale mail (worn)
 u - a +2 leather armour of poison resistance
 v - a +0 pair of boots (worn)
Jewellery
 o - a +2 ring of protection (left hand)
 p - a +2 ring of evasion (right hand)
Magical devices
 l - a wand of fire (2)
Scrolls
 i - 3 scrolls of blinking
 k - 5 scrolls of remove curse
 s - 2 scrolls of recharging
 t - a scroll of fear
Potions
 f - a potion of haste
 g - 4 potions of magic
 h - a potion of berserk rage
 j - a potion of invisibility
 r - a potion of might
Comestibles
 b - 40 fruits
 m - 12 bread rations
 q - 12 meat rations


   Skills:
 - Level 11.3 Fighting
 * Level 21.0 Long Blades
 - Level 6.0 Armour
 - Level 6.7 Dodging
 + Level 4.0 Stealth
 + Level 2.9 Evocations


You had 10 spell levels left.
You didn't know any spells.

Dungeon Overview and Level Annotations

Branches:
Dungeon (1/1)

Altars:
Cheibriados
Dithmenos
Elyvilon
Fedhas
Gozag
Kikubaaqudgha
Makhleb
Nemelex Xobeh
Okawaru
Qazlal
Ru
Sif Muna
Trog
Vehumet
Xom
Yredelemnul
Zin
The Shining One
Beogh
Jiyva
Lugonu


Innate Abilities, Weirdness & Mutations

You are under a permanent stasis effect.
You can dig through walls and to a lower floor.
Your four strong arms can wield two-handed weapons with a shield.
You have a pair of large antennae on your head (SInv).


Message History

The orc warrior is almost dead.
The orc warrior hits you with a flail.
* * * LOW HITPOINT WARNING * * *
The orc wizard becomes somewhat translucent.
You closely miss the orc warrior.
The orc warrior is almost dead.
The orc wizard casts a spell.
The orc wizard flickers and vanishes for a moment.
The orc sorcerer throws its arms wide while chanting.
The orc zombie closely misses you. The orc warrior hits you with a flail!
* * * LOW HITPOINT WARNING * * *
Drink which item? (? for menu, Esc to quit)
You feel agile all of a sudden.
The orc sorcerer gestures wildly while chanting.
Unknown command.
Drink which item? (? for menu, Esc to quit)
It was a potion of brilliance.
You feel clever all of a sudden. The orc warrior hits you with a flail!
You die...

▓.▓.▓.▓_▓
▓o▓.▓.▓.▓_▓
▓o▓.▓†▓.▓_▓
▓o▓.▓)▓.▓_▓
▓o▓.▓.▓.▓_▓
▓o▓.▓.▓.▓_▓
▓o▓.▓.▓.▓'▓
▓o▓.▓.▓.▓.▓
▓@▓.▓[▓.▓.▓
▓Z▓.▓[▓.▓.▓
▓'▓.▓(▓.▓)▓
▓.▓.▓.▓.▓†▓
▓.▓.▓.▓.▓'▓
▓.▓.▓.▓.▓.▓
▓.▓.▓.▓.▓.▓
▓.▓.▓.▓.▓.▓
▓.▓.▓'▓.▓(▓


You could see an orc sorcerer, an orc warrior, an orc priest, 2 orc wizards, 2
orcs and an orc zombie.

Vanquished Creatures
  Josephine (D)
  Erolcha (D)
  A hydra (D)
  3 lindwurms (D)
  4 spiny frogs (D)
  An efreet (D)
  A komodo dragon (D)
  A queen bee (shapeshifter) (D)
  4 wraiths (D)
  A wyvern (D)
  A hippogriff (D)
  2 yaks (D)
  A hungry ghost (D)
  A porcupine (D)
  2 water moccasins (D)
  An ogre (D)
  An orc warrior (D)
  A centaur (D)
  4 crocodiles (D)
  2 brain worms (D)
  2 giant frogs (D)
  An iguana (D)
  2 orc priests (D)
  A worker ant (D)
  2 river rats (D)
  A shadow imp (D)
  3 worms (D)
  3 bats (D)
  A giant cockroach (D)
  2 hobgoblins (D)
  A quokka (D)
  A giant cockroach zombie (D)
  2 kobolds (D)
56 creatures vanquished.

Vanquished Creatures (others)
  A deep elf mage (D)
  A fungus (D)
  2 plants (D)
4 creatures vanquished.

Grand Total: 60 creatures vanquished

Notes
Turn   | Place    | Note
--------------------------------------------------------------
     0 | D        | pulse the Formicid Berserker began the quest for the Orb.
     0 | D        | Reached XP level 1. HP: 18/18 MP: 1/1
    15 | D        | Acquired Trog's second power
    23 | D        | Noticed a worker ant
    24 | D        | Reached skill level 4 in Fighting
    24 | D        | Reached XP level 2. HP: 19/25 MP: 2/2
    30 | D        | Killed a worker ant
    30 | D        | Reached skill level 5 in Fighting
    30 | D        | Reached XP level 3. HP: 20/33 MP: 3/3
    41 | D        | Acquired Trog's third power
    41 | D        | Reached skill level 5 in Long Blades
    97 | D        | Found a glowing silver altar of Zin.
    97 | D        | Found a glowing golden altar of the Shining One.
    97 | D        | Found an ancient bone altar of Kikubaaqudgha.
    97 | D        | Found a basalt altar of Yredelemnul.
    97 | D        | Found a shimmering altar of Xom.
    97 | D        | Found a radiant altar of Vehumet.
   120 | D        | Found an iron altar of Okawaru.
   136 | D        | Found a burning altar of Makhleb.
   143 | D        | Found a deep blue altar of Sif Muna.
   144 | D        | Found a bloodstained altar of Trog.
   145 | D        | Found a sparkling altar of Nemelex Xobeh.
   146 | D        | Found a white marble altar of Elyvilon.
   191 | D        | Found a roughly hewn altar of Beogh.
   192 | D        | Found a viscous altar of Jiyva.
   211 | D        | Found a corrupted altar of Lugonu.
   212 | D        | Found a blossoming altar of Fedhas.
   213 | D        | Found a snail-covered altar of Cheibriados.
   214 | D        | Found a shadowy altar of Dithmenos.
   215 | D        | Found a stormy altar of Qazlal.
   216 | D        | Found an opulent altar of Gozag.
   217 | D        | Found a sacrificial altar of Ru.
   263 | D        | Noticed a crocodile
   263 | D        | Noticed a yak
   263 | D        | Noticed a centaur
   263 | D        | Noticed a deep elf mage
   266 | D        | Killed a deep elf mage
   266 | D        | Reached skill level 7 in Fighting
   266 | D        | Reached skill level 1 in Stealth
   266 | D        | Reached XP level 4. HP: 38/44 MP: 4/4
   266 | D        | Reached XP level 5. HP: 42/49 MP: 5/5
   271 | D        | Killed a centaur
   271 | D        | Reached skill level 9 in Fighting
   271 | D        | Reached XP level 6. HP: 44/58 MP: 6/6
   275 | D        | Killed a yak
   275 | D        | Reached skill level 10 in Fighting
   275 | D        | Reached skill level 5 in Dodging
   275 | D        | Reached XP level 7. HP: 49/66 MP: 7/7
   282 | D        | Killed a crocodile
   282 | D        | Reached skill level 5 in Armour
   523 | D        | Noticed an ogre
   523 | D        | Noticed an efreet
   523 | D        | Noticed a giant frog
   523 | D        | Noticed a yak
   523 | D        | Noticed a queen bee
   523 | D        | Noticed a hungry ghost
   529 | D        | Killed a hungry ghost
   536 | D        | Killed a queen bee
   536 | D        | Reached skill level 11 in Fighting
   536 | D        | Reached skill level 10 in Long Blades
   536 | D        | Reached XP level 8. HP: 60/75 MP: 8/8
   545 | D        | Killed a yak
   551 | D        | Killed a giant frog
   562 | D        | Killed an efreet
   562 | D        | Received a gift from Trog
   562 | D        | Reached skill level 12 in Long Blades
   563 | D        | Killed an ogre
   860 | D        | Noticed a wraith
   862 | D        | Noticed a wraith
   863 | D        | Noticed Josephine
   865 | D        | Noticed a wraith
   867 | D        | Noticed a wraith
   892 | D        | Killed Josephine
   892 | D        | Reached skill level 14 in Long Blades
   892 | D        | Reached XP level 9. HP: 20/81 MP: 9/9
   896 | D        | Killed a wraith
   896 | D        | Reached skill level 15 in Long Blades
   908 | D        | Killed a wraith
   920 | D        | Killed a wraith
   929 | D        | Killed a wraith
   929 | D        | Reached skill level 16 in Long Blades
  1264 | D        | Noticed a crocodile
  1264 | D        | Noticed a water moccasin
  1264 | D        | Noticed an iguana
  1264 | D        | Noticed a porcupine
  1267 | D        | Noticed a spiny frog
  1269 | D        | Killed a porcupine
  1270 | D        | Noticed a five-headed hydra
  1271 | D        | Killed an iguana
  1271 | D        | Received a gift from Trog
  1271 | D        | Reached XP level 10. HP: 72/88 MP: 10/10
  1276 | D        | Killed a water moccasin
  1279 | D        | Noticed a hippogriff
  1279 | D        | Killed a crocodile
  1288 | D        | Killed a ten-headed hydra
  1288 | D        | Reached skill level 17 in Long Blades
  1296 | D        | Killed a spiny frog
  1299 | D        | Killed a hippogriff
  1299 | D        | Reached skill level 18 in Long Blades
  1711 | D        | Noticed a spiny frog
  1711 | D        | Noticed a spiny frog
  1711 | D        | Noticed a wyvern
  1711 | D        | Noticed a crocodile
  1711 | D        | Noticed a crocodile
  1711 | D        | Noticed a komodo dragon
  1714 | D        | Noticed a water moccasin
  1717 | D        | Killed a komodo dragon
  1717 | D        | Received a gift from Trog
  1717 | D        | Reached skill level 1 in Evocations
  1718 | D        | Killed a crocodile
  1720 | D        | Noticed a giant frog
  1721 | D        | Killed a crocodile
  1721 | D        | Received a gift from Trog
  1722 | D        | Noticed a spiny frog
  1728 | D        | Killed a wyvern
  1732 | D        | Killed a spiny frog
  1744 | D        | Killed a spiny frog
  1744 | D        | Reached skill level 19 in Long Blades
  1745 | D        | Killed a water moccasin
  1753 | D        | Killed a spiny frog
  1753 | D        | Received a gift from Trog
  1753 | D        | Reached XP level 11. HP: 28/93 MP: 10/12
  1761 | D        | Killed a giant frog
  2085 | D        | Noticed a lindwurm
  2085 | D        | Noticed a lindwurm
  2085 | D        | Noticed a brain worm
  2085 | D        | Noticed a lindwurm
  2086 | D        | Noticed a brain worm
  2095 | D        | Killed a lindwurm
  2098 | D        | Killed a brain worm
  2102 | D        | Killed a lindwurm
  2102 | D        | Reached skill level 20 in Long Blades
  2110 | D        | Killed a lindwurm
  2110 | D        | Received a gift from Trog
  2116 | D        | Killed a brain worm
  2394 | D        | Noticed Erolcha
  2402 | D        | Killed Erolcha
  2402 | D        | Reached skill level 21 in Long Blades
  2656 | D        | Noticed an orc warrior
  2656 | D        | Noticed an orc wizard
  2656 | D        | Noticed an orc priest
  2656 | D        | Noticed an orc priest
  2656 | D        | Noticed an orc priest
  2657 | D        | Noticed an orc warrior
  2658 | D        | Killed an orc priest
  2659 | D        | Noticed an orc wizard
  2660 | D        | Noticed an orc sorcerer
  2661 | D        | Killed an orc priest
  2673 | D        | Killed an orc warrior
  2684 | D        | Slain by an orc warrior

Vault maps used:
D:        linesprint

Action                   |  1- 3 |  4- 6 |  7- 9 | 10-12 || total
-------------------------+-------+-------+-------+-------++-------
Melee: Falchion          |    28 |       |       |       ||    28
       Scimitar          |     3 |     8 |    44 |    47 ||   102
       Long sword        |       |       |    65 |    19 ||    84
       Great sword       |       |       |       |    54 ||    54
Evoke: Wand              |       |       |     1 |     4 ||     5
  Use: Potion            |       |       |     5 |    10 ||    15
  Eat: Bread ration      |       |       |     1 |       ||     1
       Chunk             |       |       |       |     2 ||     2
